 Dungeon Crawl Stone Soup version 0.28-a0-1493-g08698888e4 (webtiles) character file.

Game seed: 12996018913359242371

160 lonewolfV2 the Shield-Bearer (level 5, -4/47 HPs)
             Began as a Gnoll Fighter on Jan 12, 2022.
             Slain by Crazy Yiuf (6 damage)
             ... on level 3 of the Dungeon.
             The game lasted 00:06:55 (2650 turns).

lonewolfV2 the Shield-Bearer (Gnoll Fighter)        Turns: 2650, Time: 00:06:56

Health: -4/47      AC:  7    Str: 17 (18) XL:     5   Next: 41%
Magic:  0/7        EV:  9    Int:  5 (7)  God:
Gold:   99         SH:  6    Dex: 15 (17) Spells: 6/6 levels left

rFire   . . .      SeeInvis .   a - +0 war axe
rCold   . . .      Faith    .   c - +0 buckler
rNeg    . . .      Spirit   .   b - +0 scale mail
rPois   .          Reflect  .   (no helmet)
rElec   .          Harm     .   (no cloak)
rCorr   .          Rampage  .   (no gloves)
Will    .....                   (no boots)
Stlth   +.........              (no amulet)
HPRegen 0.15/turn               e - +6 ring of dexterity
MPRegen 0.10/turn               (no ring)

@: no status effects
A: fangs 1, strong nose, distributed training
a: no special abilities


You were on level 3 of the Dungeon.
You visited 1 branch of the dungeon, and saw 3 of its levels.

You collected 99 gold pieces.

Inventory:

Hand Weapons
 a - a +0 war axe (weapon)
Armour
 b - a +0 scale mail (worn)
 c - a +0 buckler (worn)
Jewellery
 e - a +6 ring of dexterity (left hand)
Wands
 i - a wand of acid (4)
Potions
 d - a potion of might
 f - a potion of mutation {unknown}
 g - a potion of curing {unknown}


   Skills:
 + Level 6.7 Fighting
 + Level 1.4 Short Blades
 + Level 1.4 Long Blades
 + Level 4.8 Axes
 + Level 1.4 Maces & Flails
 + Level 1.4 Polearms
 + Level 1.4 Staves
 + Level 1.4 Slings
 + Level 1.4 Bows
 + Level 1.4 Crossbows
 + Level 1.4 Throwing
 + Level 6.7 Armour
 + Level 1.4 Dodging
 + Level 1.4 Stealth
 + Level 6.7 Shields
 + Level 1.4 Unarmed Combat
 + Level 1.4 Spellcasting
 + Level 1.1 Conjurations
 + Level 1.1 Hexes
 + Level 1.1 Summonings
 + Level 1.1 Necromancy
 + Level 1.1 Translocations
 + Level 1.1 Transmutations
 + Level 1.1 Fire Magic
 + Level 1.1 Ice Magic
 + Level 1.1 Air Magic
 + Level 1.1 Earth Magic
 + Level 1.1 Poison Magic
 + Level 1.6 Invocations
 + Level 1.4 Evocations


You had 6 spell levels left.
You didn't know any spells.
Your spell library contained the following spells:

 Spells                   Type           Power      Damage    Failure   Level
 Sublimation of Blood     Necr           1%         N/A       86%         2
 Call Canine Familiar     Summ           1%         N/A       97%         3
 Portal Projectile        Hex/Tloc       2%         N/A       97%         3
 Leda's Liquefaction      Hex/Erth       0%         N/A       100%        4
 Petrify                  Tmut/Erth      1%         N/A       100%        4
 Irradiate                Conj/Tmut      0%         3d13      100%        5
 Dispersal                Tloc           0%         N/A       100%        6
 Disjunction              Tloc           0%         N/A       100%        8


Dungeon Overview and Level Annotations

Branches:
Dungeon (3/15)

Altars:

Shops:
D:3 !

Annotations:
D:3 Crazy Yiuf


Innate Abilities, Weirdness & Mutations

You have very sharp teeth.
Your uncanny sense of smell can sniff out nearby items.
Your experience applies equally to all skills.


Message History

You kill the kobold!
You see here a +0 club.
Found 20 stones.
Found an escape hatch in the ceiling.
You now have 86 gold pieces (gained 7).
There is a stone staircase leading down here.
Found a robe.
There is a stone staircase leading up here.
You now have 99 gold pieces (gained 13).
You see here a +0 robe.
Found a mace.
Found a runed translucent door.
Crazy Yiuf shouts!
You open the door. You hit Crazy Yiuf. Your bite misses Crazy Yiuf.
Crazy Yiuf is moderately wounded.
Crazy Yiuf hits you with a +2 quarterstaff of chaos!
You feel your power leaking away. Crazy Yiuf barely misses you.
You barely miss Crazy Yiuf.
Crazy Yiuf is moderately wounded.
Crazy Yiuf hits you with a +2 quarterstaff of chaos.
Crazy Yiuf draws strength from your wounds!
You hit Crazy Yiuf but do no damage.
Crazy Yiuf is lightly wounded.
Crazy Yiuf hits you but does no damage.
You completely miss Crazy Yiuf. You bite Crazy Yiuf, but do no damage.
Crazy Yiuf is lightly wounded.
Crazy Yiuf hits you with a +2 quarterstaff of chaos!
Crazy Yiuf burns you.
You slash Crazy Yiuf!
Crazy Yiuf is severely wounded.
Crazy Yiuf misses you.
Crazy Yiuf laughs, "Fluff!
Paint mobile King."
Crazy Yiuf hits you with a +2 quarterstaff of chaos.
You barely miss Crazy Yiuf. You bite Crazy Yiuf, but do no damage.
Crazy Yiuf is heavily wounded.
Crazy Yiuf hits you with a +2 quarterstaff of chaos!
* * * LOW HITPOINT WARNING * * *
Crazy Yiuf freezes you.
You die...

...##...#.....##...........###.#.
#.#...........##.....[.....# #...
.)).#####.....##...........# #..#
#.#...###################..# #...
#........# #..# #... ###...##.#
#######..# ###. ......##.# ###
###.#......# #. #.#...##.#
#...##..#.......# ## #.#.#.##.#
#...g@####......# # #.#.#.##.#
#)..### ##....####### ..#.#.##.#
### #######..... ###.#.####
#..... #.#.# #..... #.#.# #.....
#.#.# #.(... #.#.# #..... #.#.#
#.....


You could see Crazy Yiuf.

Vanquished Creatures
  Jessica (D:3)
  Terence (D:3)
  5 adders
  A worm (D:2)
  5 orcs (D:3)
  4 ball pythons
  7 endoplasms
  4 giant cockroaches
  4 goblins
  5 hobgoblins
  3 jackals (D:3)
  2 bats (D:2)
  3 frilled lizards
  5 kobolds
  4 rats
54 creatures vanquished.

Notes
Turn   | Place    | Note
-------+----------+-------------------------------------------
     0 | D:1      | lonewolfV2 the Gnoll Fighter began the quest for the Orb.
     0 | D:1      | Reached XP level 1. HP: 23/23 MP: 1/1
    90 | D:1      | Found a faded altar of an unknown god.
   133 | D:1      | Reached XP level 2. HP: 29/29 MP: 2/2
   784 | D:2      | Reached XP level 3. HP: 35/35 MP: 3/3
  1024 | D:2      | Reached skill level 1 in Invocations
  1143 | D:2      | Reached skill level 1 in Short Blades
  1143 | D:2      | Reached skill level 1 in Long Blades
  1143 | D:2      | Reached skill level 1 in Maces & Flails
  1143 | D:2      | Reached skill level 1 in Polearms
  1143 | D:2      | Reached skill level 1 in Staves
  1143 | D:2      | Reached skill level 1 in Slings
  1143 | D:2      | Reached skill level 1 in Bows
  1143 | D:2      | Reached skill level 1 in Crossbows
  1143 | D:2      | Reached skill level 1 in Throwing
  1143 | D:2      | Reached skill level 1 in Dodging
  1143 | D:2      | Reached skill level 1 in Stealth
  1143 | D:2      | Reached skill level 1 in Unarmed Combat
  1143 | D:2      | Reached skill level 1 in Spellcasting
  1143 | D:2      | Reached skill level 1 in Evocations
  1460 | D:3      | Reached XP level 4. HP: 25/41 MP: 5/5
  1651 | D:3      | Found Ohingi's Distillery.
  1658 | D:3      | Reached skill level 1 in Conjurations
  1658 | D:3      | Reached skill level 1 in Hexes
  1658 | D:3      | Reached skill level 1 in Summonings
  1658 | D:3      | Reached skill level 1 in Necromancy
  1658 | D:3      | Reached skill level 1 in Translocations
  1658 | D:3      | Reached skill level 1 in Transmutations
  1658 | D:3      | Reached skill level 1 in Fire Magic
  1658 | D:3      | Reached skill level 1 in Ice Magic
  1658 | D:3      | Reached skill level 1 in Air Magic
  1658 | D:3      | Reached skill level 1 in Earth Magic
  1658 | D:3      | Reached skill level 1 in Poison Magic
  1807 | D:3      | Noticed Terence
  1819 | D:3      | Killed Terence
  1820 | D:3      | Reached XP level 5. HP: 38/47 MP: 6/6
  2120 | D:3      | Noticed Jessica
  2157 | D:3      | Killed Jessica
  2640 | D:3      | Found a runed translucent door.
  2641 | D:3      | Noticed Crazy Yiuf
  2650 | D:3      | HP: 2/47 [Crazy Yiuf (14)]
  2650 | D:3      | Slain by Crazy Yiuf

Illustrated notes

Levels and vault maps discovered:
D:1:      psy_arrival_radial01, layout_rooms,
          hellmonk_ecumenical_altar_arch_garden, st_stairs_10
D:2:      layout_basic
D:3:      layout_basic, serial_shops, shop_statue, uniq_terence, uniq_jessica,
          uniq_crazy_yiuf_cottage

Skill      XL: |  1  2  3  4 |
---------------+-------------+-----
Invocations    | 1 |  1.6
Short Blades   | 1 |  1.4
Long Blades    | 1 |  1.4
Maces & Flails | 1 |  1.4
Polearms       | 1 |  1.4
Staves         | 1 |  1.4
Slings         | 1 |  1.4
Bows           | 1 |  1.4
Crossbows      | 1 |  1.4
Throwing       | 1 |  1.4
Dodging        | 1 |  1.4
Stealth        | 1 |  1.4
Unarmed Combat | 1 |  1.4
Spellcasting   | 1 |  1.4
Evocations     | 1 |  1.4
Conjurations   | 1 |  1.1
Hexes          | 1 |  1.1
Summonings     | 1 |  1.1
Necromancy     | 1 |  1.1
Translocations | 1 |  1.1
Transmutations | 1 |  1.1
Fire Magic     | 1 |  1.1
Ice Magic      | 1 |  1.1
Air Magic      | 1 |  1.1
Earth Magic    | 1 |  1.1
Poison Magic   | 1 |  1.1
Fighting       | |  6.7
Axes           | |  4.8
Armour         | |  6.7
Shields        | |  6.7

Action                   |  1- 3 |  4- 6 || total
-------------------------+-------+-------++-------
Melee: War axe           |    94 |    65 ||   159
       Bite              |    16 |     5 ||    21
  Use: Scroll            |     3 |     3 ||     6
       Potion            |       |     2 ||     2
Armor: Scale mail        |    47 |    23 ||    70
Dodge: Dodged            |    44 |    27 ||    71
Block: Buckler           |    34 |    16 ||    50

Table legend: (Time is in decaauts)
 A = Elapsed time spent in this place.
 B = Non-inter-level travel time spent in this place.
 C = Inter-level travel time spent in this place.
 D = Time resting spent in this place.
 E = Time spent auto-exploring this place.
 F = Levels seen in this place.
 G = Mean time per level.
                   A        B        C        D        E       F      G
               +--------+--------+--------+--------+--------+-----+--------+
         Total |   2696 |   2678 |     18 |    342 |   1729 |   3 |  898.7 |
       Dungeon |   2696 |   2678 |     18 |    342 |   1729 |   3 |  898.7 |
               +--------+--------+--------+--------+--------+-----+--------+

Top non-repeatable levels by time:
     D:3: 1219 daAuts
     D:2: 944 daAuts
     D:1: 533 daAuts
